 Dungeon Crawl Stone Soup version 0.23.2 (webtiles) character file.

Game seed: 12268597529856645554

22764 Peloso the Carver (level 12, -10/106 (108) HPs)
             Began as a Minotaur Fighter on Apr 6, 2019.
             Was the Champion of Okawaru.
             Splashed by an oklob plant's acid (14 damage)
             ... on level 3 of the Lair of Beasts.
             The game lasted 00:32:46 (13210 turns).

Peloso the Carver (Minotaur Fighter)               Turns: 13210, Time: 00:32:46

HP:   -10/106 (108) AC:  5    Str: 25    XL:     12   Next: 65%
MP:   0/11          EV: 11    Int:  5    God:    Okawaru [******]
Gold: 531           SH: 14    Dex: 16    Spells: 11/11 levels left

rFire    + . .     SeeInvis .   C - +2 hand crossbow (flame)
rCold    . . .     Gourm    .   c - +0 shield
rNeg     . . .     Faith    .   y - +4 chain mail {rF+}
rPois    +         Spirit   +   (helmet restricted)
rElec    .         Reflect  .   x - +0 cloak
rCorr    .         Harm     .   (no gloves)
MR       .....                  L - +2 pair of boots
Stlth    ..........             v - amulet of guardian spirit
HPRegen  0.27/turn              F - ring of poison resistance
MPRegen  0.12/turn              A - +5 ring of dexterity

@: corroded
A: retaliatory headbutt, horns 2
a: Heroism, Finesse, Renounce Religion


You were on level 3 of the Lair of Beasts.
You worshipped Okawaru.
Okawaru was exalted by your worship.
You were not hungry.

You visited 2 branches of the dungeon, and saw 14 of its levels.

You collected 732 gold pieces.
You spent 201 gold pieces at shops.

Inventory:

Hand Weapons
 a - a +2 double sword of draining
 o - a +2 scimitar of flaming
 C - a +2 hand crossbow of flaming (weapon)
Missiles
 k - 53 bolts (quivered)
Armour
 b - a +0 chain mail
 c - a +0 shield (worn)
 x - a +0 cloak (worn)
 y - a +4 chain mail of fire resistance (worn)
 D - +0 fire dragon scales
 I - a +1 pair of boots of flying
 L - a +2 pair of boots (worn)
Jewellery
 v - an amulet of guardian spirit (around neck)
 A - a +5 ring of dexterity (right hand)
 F - a ring of poison resistance (left hand)
 G - an uncursed amulet of magic regeneration
Wands
 l - a wand of random effects (35)
 p - a wand of acid (32)
 t - a wand of iceblast (9)
 K - a wand of paralysis (6)
 P - a wand of flame (21)
Scrolls
 h - 2 scrolls of blinking
 i - 3 scrolls of fog
 j - 3 scrolls of fear
 m - 2 scrolls of identify
 n - 3 scrolls of teleportation
 r - 4 scrolls of enchant armour
 s - 3 scrolls of remove curse
 u - 4 scrolls of enchant weapon
 w - 4 scrolls of amnesia {unknown}
 H - a scroll of summoning
 J - a scroll of acquirement
 M - a scroll of magic mapping
 N - a scroll of vulnerability {unknown}
Potions
 d - 2 potions of might
 e - 5 potions of flight
 g - 8 potions of curing
 q - a potion of brilliance
 z - a potion of agility
 B - a potion of mutation
 E - a potion of ambrosia
 O - a potion of resistance
 Q - a potion of heal wounds {unknown}
Comestibles
 f - 27 rations
 R - a chunk of flesh


   Skills:
 + Level 10.8 Fighting
 + Level 14.9 Long Blades
 + Level 2.9 Crossbows
 + Level 11.2 Armour
 + Level 5.0 Dodging
 + Level 1.3 Stealth
 + Level 12.5 Shields
 + Level 0.7 Invocations


You had 11 spell levels left.
You didn't know any spells.
Your spell library contained the following spells:

 Spells                   Type           Power        Failure   Level  Hunger
 Confusing Touch          Hex            #.....       98%         1    ##.....
 Corona                   Hex            #......      98%         1    ##.....
 Freeze                   Ice            #...         98%         1    ##.....
 Pain                     Necr           #...         98%         1    ##.....
 Throw Frost              Conj/Ice       #.....       99%         2    ###....
 Confuse                  Hex            #.......     100%        3    ####...
 Gell's Gravitas          Tloc           #.........   100%        3    ####...
 Ozocubu's Armour         Chrm/Ice       #.......     100%        3    ####...
 Vampiric Draining        Necr           #.........   100%        3    ####...
 Petrify                  Tmut/Erth      #.......     100%        4    #####..
 Summon Ice Beast         Ice/Summ       #.......     100%        4    #####..
 Throw Icicle             Conj/Ice       #.......     100%        4    #####..
 Bolt of Draining         Conj/Necr      #.........   100%        5    ######.
 Bolt of Magma            Conj/Fire/Erth #.........   100%        5    ######.
 Excruciating Wounds      Chrm/Necr      #.........   100%        5    ######.
 Iskenderun's Battlesphe  Conj/Chrm      #.......     100%        5    ######.
 Metabolic Englaciation   Hex/Ice        #.........   100%        5    ######.
 Venom Bolt               Conj/Pois      #.........   100%        5    ######.
 Yara's Violent Unravell  Hex/Tmut       #.........   100%        5    ######.
 Iron Shot                Conj/Erth      #.........   100%        6    #######
 Orb of Destruction       Conj           #.........   100%        7    #######
 Spellforged Servitor     Conj/Summ      #.........   100%        7    #######


Dungeon Overview and Level Annotations

Branches:
Dungeon (11/15)            Temple (0/1) D:6            Lair (3/6) D:11
    Orc (0/2) D:11
  Swamp: Lair:2-4    Shoals: Lair:2-4     Snake: Lair:2-4    Spider: Lair:2-4

Altars:
Ashenzari
Fedhas
Kikubaaqudgha
Nemelex Xobeh
Okawaru
Qazlal
Vehumet
Yredelemnul
Zin

Shops:
D:5 }   D:6 (   D:10 [

Annotations:
D:3 1 runed translucent door, Descartes's ghost, amateur FoFi
D:11 3 runed translucent doors, Lusmu's ghost, journeyman NaIE
Lair:3 exclusion: 2 oklob plants


Innate Abilities, Weirdness & Mutations

You reflexively headbutt those who attack you in melee.
You have a pair of horns on your head.


Message History

Aim: an oklob plant (heavily damaged)
You shoot a bolt.
The bolt hits the oklob plant but does no damage.
The oklob plant is heavily damaged.
Firing (i - inventory)
k - 54 bolts (quivered)
Press: ? - help, Shift-Dir - straight line, f/p - oklob plant
Aim: an oklob plant (heavily damaged)
You shoot a bolt.
The bolt completely misses the oklob plant.
The bolt hits the oklob plant but does no damage.
The oklob plant spits acid at you. The splash of acid hits you!
* * * LOW HITPOINT WARNING * * *
The acid corrodes you!
You are splashed with acid!
* * * LOW HITPOINT WARNING * * *
The oklob plant spits acid at you. The splash of acid hits you.
* * * LOW HITPOINT WARNING * * *
The acid corrodes you!
You are splashed with acid!
You die...

#... .. ##..# #..
#....#######..
..##......P#..######
....$...†.....P/(P(#
........†.....P.P.%#
....####..##...:..$#
... #......P"$.(# ..
#..@##.###### #...#
....# ##...####..#
#P#...#.###..##
..............P#
..............##
###......##...##
####...###...# ..##
##..###..##


You could see 2 oklob plants.

Vanquished Creatures
  A hydra (Lair:3)
  7 death yaks (D:11)
  A two-headed ogre (D:8)
  Pikel (D:5)
  An ugly thing (D:10)
  An oklob plant (Lair:3)
  2 spiny frogs
  A torpor snail (Lair:2)
  3 komodo dragons
  A rime drake (Lair:1)
  A troll (D:10)
  A tengu conjurer (D:10)
  3 hippogriffs
  Sigmund (D:2)
  A wraith (D:8)
  12 yaks
  A steam dragon (D:9)
  Menkaure (D:5)
  3 wargs (D:11)
  6 water moccasins
  2 slaves (D:5)
  Duvessa (D:5)
  4 porcupines
  2 sky beasts
  2 phantoms
  3 black bears
  5 ogres
  4 orc warriors
  5 ice beasts
  5 necrophages
  7 wolves (Lair:2)
  12 centaurs
  4 crocodiles
  2 big kobolds
  An elf zombie (D:8)
  Blork the orc (D:4)
  16 bullfrogs
  Dowan (D:5)
  A wyvern zombie (D:10)
  6 scorpions
  A troll zombie (D:8)
  12 killer bees
  4 wights
  A howler monkey (D:11)
  2 jellies (D:11)
  4 crimson imps
  A bullfrog zombie (D:8)
  13 orc priests
  Crazy Yiuf (D:5)
  4 human zombies (D:8)
  5 centaur skeletons
  5 hounds
  4 iguanas
  Jessica (D:2)
  A bullfrog skeleton (D:6)
  Ijyb (D:3)
  9 orc wizards
  A human skeleton (D:8)
  8 worker ants
  An ogre zombie (D:8)
  A hound zombie (D:9)
  2 hound skeletons
  A mummy (D:10)
  A howler monkey zombie (D:5)
  A gnoll (D:6)
  8 adders
  4 shadow imps
  An ooze (D:4)
  An adder skeleton (D:8)
  A worm (D:2)
  A dart slug (D:1)
  9 leopard geckos
  50 orcs
  8 giant cockroaches
  9 goblins
  7 hobgoblins
  6 jackals
  4 quokkas
  A ball python zombie (D:6)
  9 bats
  7 frilled lizards
  A jackal zombie (D:5)
  8 kobolds
  3 rats
  8 plants
364 creatures vanquished.

Vanquished Creatures (others)
  2 fungi
  8 plants
10 creatures vanquished.

Grand Total: 374 creatures vanquished

Notes
Turn   | Place    | Note
-------+----------+-------------------------------------------
     0 | D:1      | Peloso the Minotaur Fighter began the quest for the Orb.
     0 | D:1      | Reached XP level 1. HP: 19/19 MP: 0/0
   129 | D:1      | Reached XP level 2. HP: 13/27 MP: 1/1
   561 | D:1      | Reached XP level 3. HP: 33/33 MP: 2/2
   753 | D:2      | Found a radiant altar of Vehumet.
   848 | D:2      | Noticed Sigmund
   856 | D:2      | Killed Sigmund
   856 | D:2      | Reached skill level 3 in Long Blades
   856 | D:2      | Reached skill level 1 in Dodging
   856 | D:2      | Reached skill level 5 in Shields
   856 | D:2      | Reached XP level 4. HP: 13/41 MP: 3/3
   856 | D:2      | Reached XP level 5. HP: 15/47 MP: 4/4
   861 | D:2      | Noticed Jessica
   868 | D:2      | Killed Jessica
   868 | D:2      | Reached skill level 4 in Long Blades
   982 | D:2      | Noticed an ogre
  1199 | D:3      | Reached skill level 5 in Armour
  1330 | D:3      | Reached XP level 6. HP: 53/53 MP: 5/5
  1421 | D:3      | Found a runed translucent door.
  1424 | D:3      | Noticed Ijyb
  1425 | D:3      | Noticed Descartes's ghost (amateur FoFi)
  1434 | D:3      | Paralysed by Ijyb for 4 turns
  1440 | D:3      | Paralysed by Ijyb for 3 turns
  1444 | D:3      | Killed Ijyb
  1957 | D:4      | Noticed Blork the orc
  2060 | D:4      | Killed Blork the orc
  2096 | D:4      | Identified the Reference Book on Bewitchment and Stolen
                  | Souls
  2144 | D:4      | Reached skill level 5 in Long Blades
  2144 | D:4      | Reached XP level 7. HP: 60/60 MP: 6/6
  2290 | D:4      | Reached skill level 5 in Fighting
  2515 | D:4      | Reached skill level 6 in Long Blades
  3268 | D:5      | Entered Level 5 of the Dungeon
  3981 | D:5      | Found a runed translucent door.
  3982 | D:5      | Noticed Crazy Yiuf
  3993 | D:5      | Killed Crazy Yiuf
  4016 | D:5      | Found Umekkaug's Gadget Shoppe.
  4187 | D:5      | Noticed Pikel
  4590 | D:5      | Reached XP level 8. HP: 69/69 MP: 7/7
  4662 | D:5      | Noticed Duvessa
  4671 | D:5      | Noticed Dowan
  4675 | D:5      | Killed Duvessa
  4675 | D:5      | Reached skill level 7 in Long Blades
  4697 | D:5      | Killed Dowan
  4746 | D:5      | Noticed Menkaure
  4752 | D:5      | Killed Menkaure
  4754 | D:5      | Found an iron altar of Okawaru.
  4755 | D:5      | Found a glowing silver altar of Zin.
  4764 | D:5      | Became a worshipper of Warmaster Okawaru
  5064 | D:5      | Killed Pikel
  5064 | D:5      | Reached skill level 8 in Long Blades
  5110 | D:5      | Reached * piety under Okawaru
  5121 | D:5      | Reached skill level 1 in Stealth
  5121 | D:5      | Reached XP level 9. HP: 59/78 MP: 6/8
  5504 | D:2      | Found a blossoming altar of Fedhas.
  5811 | D:6      | Reached skill level 9 in Long Blades
  5882 | D:6      | Found Guros's Weapon Boutique.
  5890 | D:6      | Bought a +2 hand crossbow of flaming for 201 gold pieces
  5971 | D:6      | Reached ** piety under Okawaru
  6037 | D:6      | Found a staircase to the Ecumenical Temple.
  6291 | D:6      | Reached skill level 1 in Crossbows
  6723 | D:7      | Found a shattered altar of Ashenzari.
  7414 | D:8      | Reached skill level 10 in Long Blades
  7443 | D:8      | Noticed a two-headed ogre
  7450 | D:8      | Killed a two-headed ogre
  7450 | D:8      | Reached *** piety under Okawaru
  7450 | D:8      | Reached XP level 10. HP: 73/88 MP: 7/9
  7472 | D:8      | Reached skill level 10 in Shields
  7677 | D:8      | Found a stormy altar of Qazlal.
  7961 | D:8      | Found a basalt altar of Yredelemnul.
  8043 | D:8      | Reached **** piety under Okawaru
  8406 | D:9      | Found an ancient bone altar of Kikubaaqudgha.
  8584 | D:9      | Reached skill level 11 in Long Blades
  9222 | D:10     | Entered Level 10 of the Dungeon
  9419 | D:10     | Reached XP level 11. HP: 93/93 MP: 10/10
  9464 | D:10     | Reached ***** piety under Okawaru
  9465 | D:10     | Found a sparkling altar of Nemelex Xobeh.
  9529 | D:10     | Reached skill level 12 in Long Blades
  9563 | D:10     | Received a gift from Okawaru
  9609 | D:10     | Noticed a cyan ugly thing
  9619 | D:10     | Killed a cyan ugly thing
  9702 | D:10     | Found Jegge's Antique Armour Emporium.
  9938 | D:10     | Identified a scroll of acquirement
 10057 | D:11     | Reached skill level 10 in Armour
 10215 | D:11     | Found a staircase to the Orcish Mines.
 10334 | D:11     | Noticed Lusmu's ghost (journeyman NaIE)
 10344 | D:11     | Noticed a minotaur
 10368 | D:11     | Found a runed translucent gate.
 10368 | D:11     | Found a runed translucent gate.
 10368 | D:11     | Found a runed translucent gate.
 10369 | D:11     | Noticed a death knight
 10537 | D:11     | Noticed a death yak
 10538 | D:11     | Found a staircase to the Lair.
 10538 | D:11     | Noticed a death yak
 10538 | D:11     | Noticed a death yak
 10538 | D:11     | Noticed a death yak
 10539 | D:11     | Noticed a death yak
 10542 | D:11     | Noticed a death yak
 10544 | D:11     | Noticed a death yak
 10545 | D:11     | Killed a death yak
 10549 | D:11     | Killed a death yak
 10549 | D:11     | Reached skill level 13 in Long Blades
 10575 | D:11     | Killed a death yak
 10575 | D:11     | Received a gift from Okawaru
 10580 | D:11     | Killed a death yak
 11009 | D:11     | Killed a death yak
 11014 | D:11     | Killed a death yak
 11014 | D:11     | Reached XP level 12. HP: 87/104 MP: 7/11
 11019 | D:11     | Killed a death yak
 11027 | D:11     | Reached skill level 10 in Fighting
 11424 | Lair:1   | Entered Level 1 of the Lair of Beasts
 11610 | Lair:1   | Reached skill level 14 in Long Blades
 11611 | Lair:1   | Received a gift from Okawaru
 11739 | Lair:1   | Reached ****** piety under Okawaru
 13110 | Lair:3   | Noticed a five-headed hydra
 13115 | Lair:3   | Killed a one-headed hydra
 13182 | Lair:3   | Reached skill level 5 in Dodging
 13210 | Lair:3   | HP: 4/106 [oklob plant/splash of acid (2)]
 13210 | Lair:3   | Splashed by an oklob plant's acid

Skill      XL: |  1  2  3  4  5  6  7  8  9 10 11 12 |
---------------+-------------------------------------+-----
Fighting       | 4 5 6 7 8 9 10 | 10.8
Shields        | 4 5 6 8 9 10 11 12 | 12.5
Armour         | 4 5 6 7 8 9 10 11 | 11.2
Long Blades    | 3 4 5 6 8 10 11 13 14 | 14.9
Dodging        | 1 2 3 4 5 |  5.0
Stealth        | 1 |  1.3
Crossbows      | 2 |  2.9
Invocations    | |  0.7

Action                   |  1- 3 |  4- 6 |  7- 9 | 10-12 || total
-------------------------+-------+-------+-------+-------++-------
Melee: Long sword        |    96 |   103 |   574 |   371 ||  1144
       Headbutt          |    12 |    19 |   140 |   168 ||   339
       Double sword      |       |       |       |   282 ||   282
       Scimitar          |       |       |       |     4 ||     4
 Fire: Hand crossbow     |       |       |    15 |    15 ||    30
Invok: Heroism           |       |       |       |     4 ||     4
  Use: Potion            |     1 |       |       |       ||     1
       Scroll            |       |       |       |    23 ||    23
  Eat: Chunk             |       |     4 |    14 |    17 ||    35
       Ration            |       |       |     1 |     1 ||     2
Armor: Scale mail        |    51 |    33 |       |       ||    84
       Chain mail        |       |     3 |   196 |   231 ||   430
Dodge: Dodged            |    41 |    26 |   119 |   165 ||   351
Block: Shield            |    58 |    54 |   304 |   363 ||   779
       Rpst.: Long sword |     9 |     6 |    38 |    22 ||    75
       Double sword      |       |       |       |    27 ||    27
